 Dungeon Crawl Stone Soup version 0.25-a0-478-g33c61bdccf (webtiles) character file.

Game seed: 4893157223036717655, levelgen mode: deterministic

4 Esekla the Magician (level 1, 1/10 HPs)
             Began as a Deep Elf Wizard on Feb 8, 2020.
             Got out of the dungeon alive.
             The game lasted 00:01:33 (133 turns).

Esekla the Magician (Deep Elf Wizard)                Turns: 133, Time: 00:01:34

Health: 1/10       AC:  2    Str:  4    XL:     1   Next: 50%
Magic:  1/8        EV: 13    Int: 22    God:
Gold:   0          SH:  0    Dex: 13    Spells: 8/9 levels left

rFire    . . .     SeeInvis .   (no weapon)
rCold    . . .     Gourm    .   (no shield)
rNeg     . . .     Faith    .   a - +0 robe
rPois    .         Spirit   .   b - +0 hat
rElec    .         Reflect  .   (no cloak)
rCorr    .         Harm     .   (no gloves)
MR       .....                  (no boots)
Stlth    ++........             (no amulet)
HPRegen  0.03/turn              (no ring)
MPRegen  0.11/turn              (no ring)

@: no status effects
A: no striking features
a: no special abilities


You escaped.
You were not hungry.

You visited 1 branch of the dungeon, and saw 1 of its levels.

Inventory:

Armour
 a - a +0 robe (worn)
 b - a +0 hat (worn)
Comestibles
 d - a ration


   Skills:
 * Level 2.4 Dodging
 - Level 2.4 Stealth
 * Level 4.7 Spellcasting
 + Level 1.1 Conjurations
   Level 1.1 Summonings
   Level 1.1 Translocations


You had 8 spell levels left.
You knew the following spells:

 Your Spells              Type           Power        Failure   Level  Hunger
a - Magic Dart            Conj           ##..         7%          1    None

Your spell library contained the following spells:

 Spells                   Type           Power        Failure   Level  Hunger
 Blink                    Tloc           N/A          10%         2    None
 Call Imp                 Summ           ##......     10%         2    None
 Slow                     Hex            #.......     16%         2    None
 Conjure Flame            Conj/Fire      #.......     26%         3    ##.....
 Mephitic Cloud           Conj/Pois/Air  #.......     26%         3    ##.....


Dungeon Overview and Level Annotations

Branches:
Dungeon (1/15)

Altars:


Message History

The iron dragon roars deafeningly!
The giant cockroach closely misses you.
There is a staircase leading out of the dungeon here.
Casting: Magic Dart (safe; 7% risk of failure)
Confirm with . or Enter, or press ? or * to list all spells.
Aiming: Magic Dart (safe; 7% risk of failure)
Press: ? - help, Shift-Dir - straight line, f - giant cockroach
Aim: a giant cockroach The magic dart hits the giant cockroach but does no damage.
The giant cockroach misses you.
Casting: Magic Dart (safe; 7% risk of failure)
Confirm with . or Enter, or press ? or * to list all spells.
Aiming: Magic Dart (safe; 7% risk of failure)
Press: ? - help, Shift-Dir - straight line, f/p - giant cockroach
Aim: a giant cockroach The magic dart hits the giant cockroach but does no damage.
The giant cockroach bites you but does no damage.
Are you sure you want to leave the Dungeon?
This will make you lose the game! The giant cockroach barely misses you.
The kobold barely misses you.
You have escaped!

### ##@##
###.sK###
#D#...#D#
###...###
#d#...#≈#
###...###
#X#...#≈#
###..####
#≈#..#*#


You could see an iron dragon, an ice dragon, a giant cockroach and a kobold.

Vanquished Creatures
  A goblin (D:1)
  A hobgoblin (D:1)
  A bat (D:1)
  A frilled lizard (D:1)
4 creatures vanquished.

Notes
Turn   | Place    | Note
-------+----------+-------------------------------------------
     0 | D:1      | Esekla the Deep Elf Wizard began the quest for the Orb.
     0 | D:1      | Reached XP level 1. HP: 10/10 MP: 7/7
     0 | D:1      | Noticed an iron dragon
     0 | D:1      | Noticed an ice dragon
     1 | D:1      | Noticed a black draconian
     3 | D:1      | Noticed a large abomination
     6 | D:1      | Noticed an orb of fire
     8 | D:1      | Noticed a shadow dragon
    10 | D:1      | Noticed a tentacled monstrosity
    12 | D:1      | Noticed an iron dragon
    13 | D:1      | Noticed a large abomination
    14 | D:1      | Noticed an ice dragon
    14 | D:1      | Noticed a large abomination
    16 | D:1      | Noticed an ice dragon
    16 | D:1      | Noticed a green draconian
    18 | D:1      | Noticed a shadow dragon
    20 | D:1      | Noticed an iron dragon
   133 | D:$      | Got out of the dungeon alive.

Levels and vault maps discovered:
D:1:      shiori_arrival_whats_in_store_for_you, layout_basic

Action                   || total
-------------------------++-------
Melee: Unarmed           ||     2
 Cast: Magic Dart        ||    15
Armor: Robe              ||     4
Dodge: Dodged            ||    13

Table legend:
 A = Non-vault XP
 B = Vault XP
 C = Vault XP percentage of total XP
 D = Non-vault monster count
 E = Vault monster count
 F = Vault count percentage of total count
                 A         B        C        D         E       F
            +---------+---------+-------+---------+---------+-------
      Total |       6 |       0 |   0.0 |       4 |       0 |   0.0
            +---------+---------+-------+---------+---------+-------
        D:1 |       6 |       0 |   0.0 |       4 |       0 |   0.0
            +---------+---------+-------+---------+---------+-------
